cohdb
Replays
Latest Replays
All Replays
Popular Replays
Top Player Replays
Match Explorer
How It Works
Community
CoH3 Stats
Reddit
Sign in to upload your games and track your stats! →
Sign in with Steam
Match 43235448
Unlisted
Match 43235448
Overview
Messages
Build Orders
End
Scout Squad
Selects Airborne Battlegroup
Selects Heavy Machine Gun Paradrop
Heavy Machine Gun Paradrop
Scout Squad
Heavy Machine Gun Paradrop
Infantry Support Center
Heavy Machine Gun Paradrop
Engineer Squad
Construct Weapon Support Center
M3 Armored Personnel Carrier
Construct Medical Station
Selects Paratrooper Squad Paradrop
Selects Anti-tank Gun Team Paradrop
Anti-tank Gun Team Paradrop
Paratrooper Squad Paradrop
Construct Tank Depot
Selects Smoke Bombing Run
只愛❤毛妹
In It For The Hats
0
0
Comments
sign in to comment!
No comments posted yet!